General information
			
			
        
        - name: 1v1 grudge#2
 
        - type: Custom game
 
        - host: GuardianofHeLL
 
        - saver: TIMG4STRok
 
        
map: EchoIsles 
        - players: 6
 
        - length: 19:45
 
        - speed: Fast
 - version: 1.22 W3XP
 - replay type:  

 
» download(103 KB)
Players
        team 1 (loser) 
              
              
TIMG4STRok (
gray | 139 APM | 2752 actions | 19:45)
              
 3 Demon Hunter 
 2 Mana Burn
 1 Evasion
 4 Pandaren Brewmaster 
 2 Breath of Fire
 1 Drunken Haze
 1 Drunken Brawler
 
                » actions 
                
                | Assign group hotkey | 26 |  | 
| Basic commands | 130 |  | 
| Build / train | 69 |  | 
| ESC pressed | 2 |  | 
| Enter build submenu | 19 |  | 
| Enter hero's abilities submenu | 7 |  | 
| Give item / drop item | 5 |  | 
| Right click | 1421 |  | 
| Select / deselect | 248 |  | 
| Select group hotkey | 739 |  | 
| Use ability | 86 |  | 
                2752 total
 » units 
                
                | Wisp | 20 |  | 
| Archer | 6 |  | 
| Dryad | 7 |  | 
| Druid of the Claw | 4 |  | 
                37 total
 » upgrades
                
                | Ultravision | 1 |  | 
| Abolish Magic | 1 |  | 
| Druid of the Claw Training | 2 |  | 
| Well Spring | 1 |  | 
| Strength of the Wild | 1 |  | 
| Reinforced Hides | 1 |  | 
| Nature's Blessing | 1 |  | 
| Improved Bows | 1 |  | 
                9 total
 » buildings
                
                | Altar of Elders | 1 |  | 
| Moon Well | 5 |  | 
| Ancient of War | 1 |  | 
| Tree of Ages | 1 |  | 
| Hunter's Hall | 1 |  | 
| Ancient of Wonders | 1 |  | 
| Ancient of Lore | 3 |  | 
| Ancient Protector | 4 |  | 
| Tree of Eternity | 1 |  | 
| Tree of Life | 1 |  | 
                19 total
 » build order
                00:05 Altar of Elders
00:07 Moon Well
00:48 Ancient of War
01:32 Moon Well
02:40 Tree of Ages
03:43 Moon Well
04:33 Hunter's Hall
04:35 Moon Well
05:16 Ancient of Wonders
05:41 Ancient of Lore
06:27 Ancient Protector
06:51 Ancient of Lore
07:54 Moon Well
09:41 Tree of Eternity
09:45 Ancient of Lore
13:49 Tree of Life
15:08 Ancient Protector
15:33 Ancient Protector
15:33 Ancient Protector
» items
                
                | Boots of Speed | 1 |  | 
| Scroll of Town Portal | 1 |  | 
| Staff of Preservation | 2 |  | 
| Potion of Healing | 2 |  | 
| Scroll of Healing | 1 |  | 
| Orb of Venom | 1 |  | 
| Potion of Lesser Invulnerability | 3 |  | 
| Staff of Teleportation | 1 |  | 
                12 total
  
               team 2 (winner) 
              
              
» 
IPRACTICE2SUCK (
red | 273 APM | 5394 actions | 19:45)
              
 4 Death Knight 
 1 Unholy Aura
 2 Death Coil
 1 Death Pact
 3 Lich 
 2 Frost Nova
 1 Dark Ritual
 
                » actions 
                
                | Assign group hotkey | 65 |  | 
| Basic commands | 304 |  | 
| Build / train | 91 |  | 
| Enter build submenu | 27 |  | 
| Enter hero's abilities submenu | 8 |  | 
| Give item / drop item | 6 |  | 
| Remove unit from queue | 13 |  | 
| Right click | 1727 |  | 
| Select / deselect | 493 |  | 
| Select group hotkey | 2511 |  | 
| Use ability | 149 |  | 
                5394 total
 » units 
                
                | Acolyte | 8 |  | 
| Ghoul | 4 |  | 
| Crypt Fiend | 9 |  | 
| Gargoyle | -2 |  | 
| Abomination | -1 |  | 
| Obsidian Statue | 2 |  | 
| Frost Wyrm | 2 |  | 
| Meatwagon | 2 |  | 
                24 total
 » upgrades
                
                | Burrow | 1 |  | 
| Destroyer Form | 1 |  | 
| Unholy Armor | 1 |  | 
| Creature Attack | 1 |  | 
| Disease Cloud | 1 |  | 
                5 total
 » buildings
                
                | Crypt | 1 |  | 
| Graveyard | 1 |  | 
| Altar of Darkness | 2 |  | 
| Ziggurat | 9 |  | 
| Tomb of Relics | 2 |  | 
| Nerubian Tower | 1 |  | 
| Halls of the Dead | 2 |  | 
| Black Citadel | 2 |  | 
| Slaughterhouse | 2 |  | 
| Sacrificial Pit | 1 |  | 
| Boneyard | 1 |  | 
| Spirit Tower | 2 |  | 
                26 total
 » build order
                00:06 Crypt
00:09 Graveyard
00:42 Altar of Darkness
00:44 Altar of Darkness
00:57 Ziggurat
01:25 Tomb of Relics
01:26 Tomb of Relics
02:03 Ziggurat
02:38 Nerubian Tower
03:48 Halls of the Dead
04:37 Ziggurat
06:19 Black Citadel
07:28 Slaughterhouse
07:46 Sacrificial Pit
07:48 Ziggurat
11:01 Boneyard
12:53 Ziggurat
12:53 Ziggurat
13:02 Ziggurat
13:34 Ziggurat
14:32 Spirit Tower
14:47 Slaughterhouse
15:27 Ziggurat
» items
                
                | Rod of Necromancy | 7 |  | 
| Sacrificial Skull | 1 |  | 
| Orb of Corruption | 1 |  | 
| Potion of Mana | 1 |  | 
| Potion of Healing | 3 |  | 
| Scroll of Town Portal | 2 |  | 
| Potion of Lesser Invulnerability | 1 |  | 
| Scroll of Healing | 7 |  | 
                23 total
  
               observersGuardianofHeLL, 
FUKU), 
Aynek, 
Bo.1 Chat log
          (00:00) Bo.1: THC
(00:12 / All) TIMG4STRok: gonna bad manner me like that
(00:14 / All) TIMG4STRok: really.
(00:17 / All) TIMG4STRok: gl hf
(00:22 / All) IPRACTICE2SUCK: fuck off NIGGER
(00:27 / All) IPRACTICE2SUCK: no luck dont have fun
(00:30 / All) TIMG4STRok: why so angry
(00:35 / All) IPRACTICE2SUCK: u dont add me
(00:36 / All) IPRACTICE2SUCK: tt
(00:43 / All) TIMG4STRok: f list?
(00:47 / All) IPRACTICE2SUCK: yes
(00:51 / All) TIMG4STRok: sure lemme remove somebody
(01:03 / All) TIMG4STRok: f m done
(01:10 / All) TIMG4STRok: WOPOPS
(01:15 / All) IPRACTICE2SUCK: stfu plz
(01:18 / All) TIMG4STRok: manner game
(01:18 / All) IPRACTICE2SUCK: apm must stay up
(01:26 / All) TIMG4STRok: do you spam in beginning
(01:34 / All) IPRACTICE2SUCK: Goto practice for wc3l 2009
(01:37 / All) IPRACTICE2SUCK: stfu
(01:41 / All) TIMG4STRok: manner
(02:33 / All) IPRACTICE2SUCK: WHO GOES DH
(05:44 / All) IPRACTICE2SUCK: dICK TWAT
(05:45 / All) TIMG4STRok: manner please z knuck
(06:48 / All) TIMG4STRok: woops
(17:35 / All) IPRACTICE2SUCK: omg knuckles 56 k dick
(17:55 / All) IPRACTICE2SUCK: UR ABOUT TO GET ANALED
(19:44 / All) TIMG4STRok: gg